Map: World of Sleepers LE

Players

DPGPartinG (PartinG) - Winner!

  • Race: Protoss Protoss
  • League: Grandmaster
  • Spawn Location: 7:00

llllllllllll (Trap)

  • Race: Protoss Protoss
  • League: Master
  • Spawn Location: 1:00

VOD

Have the link to the VOD?

Description

Time

  • Played on: Jan. 16, 2020, 8:49 a.m.
  • Length: 8:47
Show
View Real Time Build Order
Export as new Build Order

DPGPartinG Protoss - Winner!

Build Orders: Zealot Archon, Dark Templar Rush 

Get SALT Encoding   

  12  0:00  Probe  
  13  0:12  Probe  
  14  0:17  Pylon  
  14  0:25  Probe (Chrono Boost)  
  15  0:36  Gateway  
  15  0:37  Probe (Chrono Boost)  
  16  0:44  Probe (Chrono Boost)  
  16  0:45  Assimilator  
  17  0:51  Probe  
  17  0:53  Assimilator  
  18  1:03  Probe (Chrono Boost)  
  19  1:08  Gateway  
  19  1:12  Probe (Chrono Boost)  
  19  1:17  Probe (Chrono Boost)  
  20  1:24  Cybernetics Core  
  21  1:29  Probe  
  22  1:35  Pylon  
  22  1:41  Probe  
  23  1:59  Warp Gate (Chrono Boost)  
  23  2:00  Adept  
  25  2:01  Twilight Council  
  25  2:07  Adept  
  27  2:15  Pylon  
  27  2:17  Probe  
  28  2:30  Stalker  
  30  2:38  Dark Shrine  
  30  2:44  Stalker  
  32  2:52  Shield Battery  
  32  3:03  Robotics Facility  
  32  3:10  Pylon  
  32  3:23  Pylon  
  32  3:28  Probe  
  30  3:51  Dark Templar x2  
  30  3:53  Probe  
  33  4:01  Warp Prism (Chrono Boost)  
  33  4:11  Archon  
  33  4:13  Probe  
  34  4:22  Nexus  
  34  4:26  Probe  
  34  4:28  Sentry  
  38  4:31  Observer  
  38  4:37  Stalker  
  40  4:41  Probe  
  41  4:47  Pylon  
  41  4:54  Stalker  
  41  4:58  Probe  
  44  5:05  Charge  
  44  5:10  Probe  
  45  5:16  Stalker  
  45  5:18  Observer  
  47  5:24  Probe (Chrono Boost)  
  48  5:28  Zealot  
  48  5:34  Probe (Chrono Boost)  
  51  5:36  Probe (Chrono Boost)  
  51  5:37  Observer  
  53  5:43  Probe (Chrono Boost), Sentry  
  53  5:44  Probe (Chrono Boost)  
  53  5:45  Pylon  
  56  5:50  Probe x2  
  58  5:57  Assimilator  
  58  6:03  Gateway  
  58  6:06  Probe x2  
  58  6:09  Gateway  
  60  6:13  Gateway  
  61  6:18  Probe x2  
  61  6:22  Stalker  
  59  6:33  Probe (Chrono Boost)  
  59  6:34  Probe (Chrono Boost)  
  61  6:45  Probe x2 (Chrono Boost)  
  61  6:47  Gateway  
  63  6:50  Probe x2 (Chrono Boost)  
  63  6:53  Dark Templar x2  
  69  6:56  Observer  
  69  6:58  Archon  
  70  7:05  Zealot x2  
  70  7:07  Probe x2  
  76  7:10  Zealot  
  78  7:24  Pylon x2  
  78  7:26  Pylon  
  78  7:31  Pylon  
  78  7:43  Dark Templar x3  
  84  7:45  Zealot x3  
  84  7:47  Archon  
  76  8:09  Zealot x3  
  82  8:17  Zealot x3  
  74  8:31  Stalker x3  
  74  8:33  Zealot x3  
  74  8:39  Dark Templar x3  
Show
View Real Time Build Order
Export as new Build Order

llllllllllll Protoss 

Build Orders: Oracle Opening 

Get SALT Encoding   

  12  0:00  Probe  
  13  0:12  Probe  
  14  0:17  Pylon  
  14  0:24  Probe (Chrono Boost)  
  15  0:36  Probe (Chrono Boost), Gateway  
  16  0:44  Probe (Chrono Boost)  
  16  0:45  Assimilator  
  17  0:51  Probe  
  17  0:54  Assimilator  
  18  1:03  Probe (Chrono Boost)  
  19  1:11  Gateway  
  19  1:13  Probe (Chrono Boost)  
  19  1:18  Probe (Chrono Boost)  
  20  1:25  Cybernetics Core  
  21  1:29  Probe  
  22  1:39  Pylon  
  22  1:41  Probe  
  23  1:57  Probe  
  24  2:01  Stargate  
  24  2:07  Warp Gate  
  26  2:16  Stalker  
  26  2:22  Pylon  
  28  2:26  Stalker  
  28  2:27  Probe  
  28  2:45  Shield Battery  
  28  2:52  Oracle (Chrono Boost)  
  28  2:58  Shield Battery  
  31  3:02  Zealot x2  
  35  3:09  Pylon  
  35  3:17  Shield Battery  
  35  3:19  Oracle (Chrono Boost)  
  38  3:42  Probe  
  37  3:54  Probe  
  40  3:55  Oracle (Chrono Boost)  
  40  4:06  Probe  
  41  4:14  Zealot, Stalker  
  41  4:15  Pylon  
  45  4:32  Robotics Facility  
  45  4:41  Nexus  
  45  4:44  Probe  
  46  4:56  Probe  
  46  4:57  Sentry  
  49  5:00  Pylon  
  49  5:08  Probe  
  50  5:20  Probe  
  51  5:22  Immortal (Chrono Boost)  
  55  5:39  Pylon  
  55  5:47  Twilight Council  
  55  5:53  Probe x2  
  55  5:54  Observer (Chrono Boost)  
  55  5:56  Shield Battery  
  58  6:03  Sentry  
  60  6:05  Probe x2  
  62  6:14  Assimilator  
  62  6:16  Assimilator  
  62  6:17  Probe  
  62  6:18  Probe  
  64  6:26  Immortal (Chrono Boost)  
  64  6:29  Probe  
  69  6:37  Probe  
  70  6:41  Probe  
  71  6:48  Gateway  
  71  6:52  Charge  
  71  6:53  Pylon  
  71  6:54  Sentry, Zealot  
  71  6:58  Pylon  
  71  6:59  Shield Battery  
  75  7:06  Probe x2  
  77  7:17  Templar Archives  
  77  7:21  Gateway  
  77  7:22  Zealot x2  
  81  7:26  Probe x2  
  83  7:32  Assimilator  
  83  7:44  Zealot, Shield Battery  
  83  7:46  Zealot, Shield Battery  
  83  7:50  Pylon  
  87  7:56  Zealot  
  83  8:08  Zealot  
  83  8:09  Zealot  
  68  8:20  Stalker  
  68  8:21  Stalker  
  62  8:30  Stalker x2  
Tags
 
Add a new tag
Caveats
  • Supply blocks, unpowered buildings, or Contaminate may cause inaccurate times.
  • Supply counts are checked every 10 seconds.